 Dungeon Crawl Stone Soup version 0.28-a0-422-gd71735cc25 (webtiles) character file.

Game seed: 12559984348335432180

4958 bande the Cleaver (level 10, -10/61 HPs)
             Began as a Gargoyle Fighter on Sept 9, 2021.
             Was a High Priest of Okawaru.
             Mangled by Urug (25 damage)
             ... on level 10 of the Dungeon.
             The game lasted 00:15:17 (8882 turns).

bande the Cleaver (Gargoyle Fighter)                Turns: 8882, Time: 00:15:18

Health: -10/61     AC: 22    Str: 22    XL:     10   Next: 53%
Magic:  14/14      EV: 13    Int:  9    God:    Okawaru [*****.]
Gold:   1100       SH: 11    Dex: 10    Spells: 9/9 levels left

rFire   . . .      SeeInvis .   n - +5 broad axe (flame)
rCold   . . .      Faith    .   y - +2 kite shield {reflect}
rNeg    + . .      Spirit   .   x - +0 plate armour
rPois   ∞          Reflect  +   v - +0 helmet
rElec   +          Harm     .   z - scarf {repulsion}
rCorr   .          Rampage  .   (no gloves)
Will    .....                   k - +0 pair of boots
Stlth   ..........              (no amulet)
HPRegen 0.20/turn               e - +4 ring of evasion
MPRegen 0.14/turn               o - +4 ring of evasion

@: repel missiles
A: sickness immunity, AC +7, negative energy resistance 1, electricity
resistance, torment resistance 1, petrification resistance
a: Renounce Religion, Heroism, Finesse, Duel


You were on level 10 of the Dungeon.
You worshipped Okawaru.
Okawaru was extremely pleased with you.
You visited 2 branches of the dungeon, and saw 11 of its levels.

You collected 1148 gold pieces.
You spent 48 gold pieces at shops.

Inventory:

Hand Weapons
 a - a +0 war axe of freezing
 n - a +5 broad axe of flaming (weapon)
Missiles
 g - 5 throwing nets (quivered)
Armour
 c - a +1 buckler
 j - a +0 kite shield
 k - a +0 pair of boots (worn)
 v - a +0 helmet (worn)
 x - a +0 plate armour (worn)
 y - a +2 kite shield of reflection (worn)
 z - a scarf of repulsion (worn)
Jewellery
 e - a +4 ring of evasion (left hand)
 o - a +4 ring of evasion (right hand)
 q - a +6 ring of strength
 r - a ring of flight
 C - a ring of positive energy
Wands
 u - a wand of flame (8)
Scrolls
 b - 4 scrolls of identify
 f - a scroll of enchant armour
 i - 6 scrolls of teleportation
 s - 2 scrolls of fog
 w - 3 scrolls of amnesia
 E - a scroll of holy word
Potions
 d - 3 potions of might
 h - a potion of cancellation {unknown}
 l - 4 potions of curing
 m - 5 potions of brilliance
 p - a potion of attraction {unknown}
 t - a potion of heal wounds
 A - a potion of flight
 B - a potion of berserk rage


   Skills:
 + Level 6.4 Fighting
 + Level 9.1 Axes
 + Level 6.8 Armour
 + Level 6.3 Shields
 * Level 6.3 Invocations
 * Level 3.9 Evocations


You had 9 spell levels left.
You didn't know any spells.
Your spell library contained the following spells:

 Spells                   Type           Power      Damage    Failure   Level
 Magic Dart               Conj           0%         1d3       100%        1
 Ensorcelled Hibernation  Hex/Ice        0%         N/A       100%        2
 Passwall                 Tmut/Erth      0%         N/A       100%        2
 Slow                     Hex            0%         N/A       100%        2
 Confusing Touch          Hex            0%         N/A       100%        3
 Mephitic Cloud           Conj/Pois/Air  0%         N/A       100%        3
 Swiftness                Air            0%         N/A       100%        3
 Vampiric Draining        Necr           0%         2d6       100%        3
 Petrify                  Tmut/Erth      0%         N/A       100%        4
 Irradiate                Conj/Tmut      0%         3d14      100%        5
 Invisibility             Hex            0%         N/A       100%        6
 Call Imp                 Summ           Unusable   N/A       N/A         2
 Sublimation of Blood     Necr           Unusable   N/A       N/A         2
 Tukima's Dance           Hex            Unusable   N/A       N/A         3

Dungeon Overview and Level Annotations

Branches:
Dungeon (10/15)            Temple (1/1) D:4
   Lair: D:8-11         Orc: D:9-12

Altars:
Ashenzari
Cheibriados
Dithmenos
Elyvilon
Fedhas
Gozag
Hepliaklqana
Kikubaaqudgha
Makhleb
Nemelex Xobeh
Okawaru
Qazlal
Ru
Sif Muna
Trog
Uskayaw
Vehumet
Wu Jian
Xom
Yredelemnul
Zin
The Shining One

Shops:
D:5 !:*[   D:6 =   D:8 :

Annotations:
D:10 Urug


Innate Abilities, Weirdness & Mutations

You are immune to sickness and miasma.
Your stone body is resilient. (AC +7)
You are immune to poison.
You resist negative energy. (rN+)
You are resistant to electric shocks. (rElec)
You are resistant to unholy torment.
You are immune to petrification.


Message History

Urug screams, "Your bloody kin took my one good eye.
Now you die, harpy!" Urug hits you but does no damage.
You barely miss Urug.
Urug is lightly wounded.
Urug screams, "Bird-brain!"
You block Urug's attack.
You slash Urug! You burn Urug.
Urug is moderately wounded.
You block Urug's attack.
You slash Urug! You burn Urug.
Urug is heavily wounded.
Urug hits you with a +2 broad axe of flaming!!
Urug burns you.
* * * LOW HITPOINT WARNING * * *
You are too injured to fight recklessly!
You are too injured to fight recklessly!
You are too injured to fight recklessly!
You are too injured to fight recklessly!
You are too injured to fight recklessly!
You are too injured to fight recklessly!
You are too injured to fight recklessly!
You are too injured to fight recklessly!
You are too injured to fight recklessly!
You slash Urug! You burn Urug.
Urug is severely wounded.
You block Urug's attack. Urug closely misses you.
You hit Urug. You burn Urug.
Urug is severely wounded.
Urug misses you.
You slash Urug! You burn Urug.
Urug is almost dead.
Urug hits you but does no damage.
You closely miss Urug.
Urug is almost dead.
Urug hits you with a +2 broad axe of flaming.
* * * LOW HITPOINT WARNING * * *
Urug burns you.
* * * LOW HITPOINT WARNING * * *
Urug hits you with a +2 broad axe of flaming!!
You die...

#.##....#
#.##....#
#.......#
#.......#
#.......#
#.......#
#.......+
#.#####.#
#.@o....#
#....##+#
#....#
#....#
#....#
#.....
#.###..
#. (..


You could see Urug.

Vanquished Creatures
  A two-headed ogre (D:9)
  A troll (D:9)
  A hornet (D:9)
  Prince Ribbit (D:5)
  2 wyverns (D:8)
  Edmund (D:4)
  Duvessa (D:5)
  5 water moccasins
  2 sky beasts
  2 ice beasts (D:6)
  An orc warrior (D:6)
  A black bear (D:4)
  3 ogres
  A hornet zombie (D:7)
  A centaur (D:8)
  A phantom (D:6)
  3 bullfrogs
  A wyvern zombie (D:8)
  A scorpion (D:7)
  Dowan (D:5)
  6 killer bees
  13 wights
  A howler monkey (D:5)
  A bullfrog zombie (D:6)
  A bullfrog skeleton (D:5)
  A jelly (D:8)
  A centaur skeleton (D:7)
  3 iguanas
  5 orc wizards (D:9)
  5 adders
  6 gnolls
  A white imp (D:6)
  An ufetubus (D:5)
  2 worms
  4 dart slugs
  11 orcs
  4 ball pythons
  5 endoplasms
  2 giant cockroaches
  8 goblins
  3 hobgoblins (D:4)
  5 quokkas
  7 bats
  9 frilled lizards
  11 kobolds
  3 rats
150 creatures vanquished.

Notes
Turn   | Place    | Note
-------+----------+-------------------------------------------
     0 | D:1      | bande the Gargoyle Fighter began the quest for the Orb.
     0 | D:1      | Reached XP level 1. HP: 14/14 MP: 1/1
    88 | D:1      | Reached XP level 2. HP: 13/19 MP: 2/2
   237 | D:1      | Reached skill level 2 in Axes
   620 | D:1      | Found a faded altar of an unknown god.
   668 | D:1      | Reached XP level 3. HP: 23/23 MP: 3/3
  1119 | D:2      | Found a snail-covered altar of Cheibriados.
  1607 | D:3      | Reached XP level 4. HP: 27/29 MP: 4/4
  1712 | D:3      | Reached skill level 3 in Axes
  2265 | D:4      | Noticed a black bear
  2290 | D:4      | Found a staircase to the Ecumenical Temple.
  2299 | Temple   | Entered the Ecumenical Temple
  2338 | Temple   | Became a worshipper of Warmaster Okawaru
  2415 | D:4      | Killed a black bear
  2416 | D:4      | Reached XP level 5. HP: 15/33 MP: 5/5
  3066 | D:4      | Reached XP level 6. HP: 35/38 MP: 6/6
  3105 | D:4      | Reached skill level 4 in Axes
  3162 | D:4      | Reached skill level 1 in Invocations
  3330 | D:4      | Identified a scroll of acquirement
  3330 | D:4      | Acquired a +5 broad axe of flaming
  3418 | D:4      | Noticed Edmund
  3426 | D:4      | Killed Edmund
  3426 | D:4      | Reached * piety under Okawaru
  3427 | D:4      | Reached XP level 7. HP: 30/44 MP: 8/8
  3717 | D:5      | Entered Level 5 of the Dungeon
  3717 | D:5      | Found Wooskon's Distillery.
  3717 | D:5      | Found Vyfex's Book Boutique.
  3747 | D:5      | Found Keliy's Armour Boutique.
  3750 | D:5      | Found Gery's General Store.
  3757 | D:5      | Bought a potion of might for 48 gold pieces
  3775 | D:5      | Reached skill level 5 in Axes
  3859 | D:5      | Noticed Duvessa
  3859 | D:5      | Noticed Dowan
  3865 | D:5      | Killed Duvessa
  3867 | D:5      | Killed Dowan
  3951 | D:5      | Found a glowing silver altar of Zin.
  3977 | D:5      | Noticed Prince Ribbit
  3993 | D:5      | Killed Prince Ribbit
  3994 | D:5      | Reached skill level 5 in Armour
  3994 | D:5      | Reached XP level 8. HP: 19/48 MP: 10/10
  4592 | D:5      | Reached ** piety under Okawaru
  4593 | D:5      | Reached skill level 6 in Axes
  4745 | D:6      | Reached skill level 5 in Fighting
  5195 | D:6      | Found Duisutoiw's Jewellery Emporium.
  5212 | D:6      | Reached skill level 5 in Shields
  5313 | D:6      | Reached skill level 1 in Evocations
  5425 | D:6      | Reached skill level 7 in Axes
  5433 | D:6      | Reached XP level 9. HP: 42/54 MP: 12/12
  5937 | D:6      | Reached *** piety under Okawaru
  6949 | D:7      | Reached skill level 5 in Invocations
  7313 | D:8      | Reached skill level 8 in Axes
  7500 | D:9      | Reached **** piety under Okawaru
  7715 | D:8      | Reached XP level 10. HP: 56/60 MP: 14/14
  7890 | D:8      | Found Wichuz's Book Emporium.
  7957 | D:9      | Acquired a +2 kite shield of reflection
  8211 | D:9      | Noticed a two-headed ogre
  8218 | D:9      | Killed a two-headed ogre
  8219 | D:9      | Reached skill level 9 in Axes
  8316 | D:9      | Reached ***** piety under Okawaru
  8703 | D:9      | Received a gift from Okawaru
  8837 | D:10     | Entered Level 10 of the Dungeon
  8839 | D:10     | Acquired 727 gold pieces
  8870 | D:10     | Noticed Urug
  8882 | D:10     | Mangled by Urug

Illustrated notes

Levels and vault maps discovered:
D:1:      wander_arrival_abandoned_jail, layout_rooms,
          shapermc_ecumenical_altar_mp_urbaneastern,
          chequers_serial_rivers_marsh
D:2:      layout_basic, basic_altar
D:3:      layout_basic, minivault_11
D:4:      layout_gridville, temple_fountains, uniq_edmund
D:5:      layout_basic, general_overflow_altar, nrook_campfire,
          minmay_shop_grid_forest, uniq_duvessa, uniq_prince_ribbit1
D:6:      layout_layer_cave, serial_shops,
          nicolae_shop_competitors_out_of_business
D:7:      layout_basic
D:8:      layout_rooms, serial_shops, kennysheep_little_box
D:9:      layout_irregular_city
D:10:     layout_stronghold, uniq_joseph, uniq_harold, uniq_grum, uniq_urug
Temple:   nicolae_temple_the_god_donut

Skill      XL: |  1  2  3  4  5  6  7  8  9 10 |
---------------+-------------------------------+-----
Axes           | 2 3 4 5 7 8 9 |  9.1
Fighting       | 4 5 6 |  6.4
Armour         | 4 5 6 |  6.8
Shields        | 4 5 6 |  6.3
Invocations    | 1 3 4 5 6 |  6.3
Evocations     | 1 3 |  3.9

Action                   |  1- 3 |  4- 6 |  7- 9 | 10-12 || total
-------------------------+-------+-------+-------+-------++-------
Melee: War axe           |   107 |   109 |       |       ||   216
       Broad axe         |       |    10 |   186 |    67 ||   263
  Use: Scroll            |     4 |     5 |     2 |     4 ||    15
       Potion            |       |     8 |       |       ||     8
Armor: Scale mail        |    83 |    38 |       |       ||   121
       Chain mail        |       |    15 |    41 |       ||    56
       Plate armour      |       |       |    81 |    29 ||   110
Dodge: Dodged            |    78 |    78 |   126 |    40 ||   322
       Repelled          |       |       |       |     1 ||     1
Block: Buckler           |    46 |    44 |       |       ||    90
       Kite shield       |       |     3 |   108 |    37 ||   148
       Reflection        |       |       |       |     1 ||     1

Table legend: (Time is in decaauts)
 A = Elapsed time spent in this place.
 B = Non-inter-level travel time spent in this place.
 C = Inter-level travel time spent in this place.
 D = Time resting spent in this place.
 E = Time spent auto-exploring this place.
 F = Levels seen in this place.
 G = Mean time per level.
                   A        B        C        D        E       F      G
               +--------+--------+--------+--------+--------+-----+--------+
         Total |   9081 |   9066 |     15 |   1893 |   5358 |  11 |  825.5 |
       Dungeon |   9007 |   8992 |     15 |   1893 |   5339 |  10 |  900.7 |
        Temple |     73 |     73 |      0 |      0 |     19 |   1 |   73.0 |
               +--------+--------+--------+--------+--------+-----+--------+

Top non-repeatable levels by time:
     D:6: 1663 daAuts
     D:4: 1431 daAuts
     D:9: 1078 daAuts
     D:5: 989 daAuts
     D:1: 921 daAuts
     D:7: 773 daAuts
     D:3: 767 daAuts
     D:8: 713 daAuts
     D:2: 620 daAuts
  Temple: 73 daAuts
    D:10: 47 daAuts
